 Dungeon Crawl Stone Soup version 0.32-a0-996-gb3226c233f (webtiles) character file.

Game seed: 8755558673308476360

503 Drangen the Shooter (level 7, -12/54 HPs)
             Began as a Coglin Hunter on Apr 23, 2024.
             Was a Follower of Okawaru.
             Engulfed by a cloud of flame (25 damage)
             ... on level 5 of the Dungeon.
             The game lasted 00:05:26 (2975 turns).

Drangen the Shooter (Coglin Hunter)                 Turns: 2975, Time: 00:05:26

Health: -12/54     AC:  4    Str:  9 (12) XL:     7   Next: 17%
Magic:  7/7        EV: 12    Int:  8      God:    Okawaru [*.....]
Gold:   262        SH:  0    Dex: 19      Spells: 6/6 levels left

rFire   . . .        a - +2 sling {Ran}
rCold   . . .        d - +0 sling {Waldo}
rNeg    . . .        c - +0 leather armour
rPois   .            j - +0 helmet
rElec   .            u - +0 cloak
rCorr   .            (no gloves)
SInv    .            n - +0 pair of boots
Will    .....        (amulet unavailable)
Stlth   +            (ring unavailable)
HPRegen 0.29/turn    (ring unavailable)
MPRegen 0.10/turn    (no gizmo)

%: no passive effects
@: lit by a corona, glowing, revving
A: off-hand wielding, slow wielding, warmup strikes, no jewellery, deformed
body, wild magic 1
a: Invent Gizmo, Renounce Religion, Heroism


You were on level 5 of the Dungeon.
You worshipped Okawaru.
Okawaru was aware of your devotion.
You visited 2 branches of the dungeon, and saw 6 of its levels.

You collected 262 gold pieces.

Inventory:

Hand Weapons
 a - a +2 sling (weapon) {Ran}
 d - a +0 sling (offhand) {Waldo}
Armour
 c - a +0 leather armour (worn)
 j - a +0 helmet (worn)
 n - a +0 pair of boots (worn)
 u - a +0 cloak (worn)
Scrolls
 b - a scroll of butterflies
 e - a scroll of teleportation
 f - 3 scrolls of immolation
 k - a scroll of fog {unknown}
 l - 4 scrolls of identify {unknown}
 m - a scroll of revelation {unknown}
 q - a scroll of enchant weapon {unknown}
 r - a scroll of silence {unknown}
 t - a scroll of brand weapon {unknown}
 w - a scroll of noise {unknown}
Potions
 s - a potion of degeneration


   Skills:
 + Level 4.1 Fighting
 + Level 4.9 Ranged Weapons
 + Level 3.7 Dodging
 + Level 3.2 Stealth


You had 6 spell levels left.
You didn't know any spells.
Your spell library contained the following spells:

 Spells                   Type           Power      Damage    Failure   Level
 Volatile Blastmotes      Fire/Tloc      0%         2d10      92%         3
 Fulminant Prism          Conj/Alch      0%         3d5       100%        4
 Iskenderun's Mystic Bla Conj/Tloc 0%             2d3        (+2d1     100%        4


Dungeon Overview and Level Annotations

Branches:
Dungeon (5/15)             Temple (1/1) D:4

Altars:
Ashenzari
Cheibriados
Elyvilon
Kikubaaqudgha
Makhleb
Nemelex Xobeh
Okawaru
Qazlal
Sif Muna
Trog
Uskayaw
Wu Jian
Xom
Yredelemnul
Zin

Shops:
D:2 *

Annotations:
D:5 Duvessa


Innate Abilities, Weirdness & Mutations

You can wield a second weapon in your off-hand.
It takes a long time for you to wield or remove held weapons.
Your first few attacks do less damage.
You cannot equip rings or amulets.
Armour fits poorly on your strangely shaped body.
Your spells are a little harder to cast, but a little more powerful.


Message History

Dowan is heavily wounded.
Duvessa, Sister of Dowan comes into view.
She is wielding a +0 rapier.
Dowan casts a spell at you.
You are outlined in light.
Duvessa shouts!
You shoot a sling bullet. The sling bullet hits Dowan.
Dowan is severely wounded.
You shoot a sling bullet. The sling bullet hits Dowan.
Dowan is severely wounded.
Dowan casts a spell.
Dowan blinks!
Dowan hits you with a +0 dagger. Dowan attacks as he pursues you!
Dowan hits you but does no damage.
Dowan points at Duvessa and mumbles some strange words.
Duvessa seems to speed up.
Fire: a) +2 sling {Ran}
Press: ? - help, Shift-Dir - straight line, f/p - Dowan
Aim: Dowan, wielding a +0 dagger and wearing a +0 robe (severely wounded, 56% to hit)
You shoot a sling bullet.
The sling bullet completely misses Dowan.
The sling bullet closely misses Duvessa.
You shoot a sling bullet. The sling bullet hits Dowan.
Dowan is almost dead.
As you read the scroll labelled JEIS FOGOFA, it crumbles to dust.
The creatures around you are filled with an inner flame!
It was a scroll of immolation.
Dowan hits you with a +0 dagger. Dowan attacks as he pursues you!
Dowan hits you with a +0 dagger.
Dowan gestures wildly while chanting.
Dowan blinks!
Duvessa says, "My weaknesses are his strengths!"
You shoot a sling bullet. The sling bullet hits Dowan.
Okawaru accepts your kill.
Duvessa screams in rage.
Duvessa goes berserk!
You shoot a sling bullet.
Dowan explodes!
The fiery explosion engulfs you!!!
Ouch! That really hurt!
* * * LOW HITPOINT WARNING * * *
You are engulfed in blazing flames.
You die...

#......_..).....#
#...##....#.###.#
#...###...#.###.#
#...###.###.#...#
#...........##<.#
#.....).#####..##
#.(####.# ####
##############§##
#.#
.§...!....e.@§§)#
#..
####.##.#######.#
#### #)# #.# ..#
#.. ##.# #.## #.#
#.# #.# #.# #.#
#.#


You could see Duvessa (berserk, fast, inner flame).

Vanquished Creatures
  A scorpion (D:5)
  Dowan (D:5)
  A jelly (D:5)
  2 bombardier beetles (D:4)
  A hound (D:4)
  A gnoll bouda (D:5)
  An orc priest (D:4)
  An iguana (D:4)
  2 orc wizards (D:4)
  3 gnolls (D:5)
  7 adders
  A white imp (D:5)
  2 ufetubi (D:5)
  2 dart slugs (D:2)
  A ribbon worm (D:2)
  9 orcs
  2 bats
  2 endoplasms
  4 giant cockroaches
  5 hobgoblins
  4 jackals (D:3)
  2 quokkas (D:2)
  12 ball pythons
  5 frilled lizards
  4 goblins
  10 kobolds
  A rat (D:1)
87 creatures vanquished.

Notes
Turn   | Place    | Note
-------+----------+-------------------------------------------
     0 | D:1      | Drangen the Coglin Hunter began the quest for the Orb.
     0 | D:1      | Reached XP level 1. HP: 16/16 MP: 1/1
   270 | D:1      | Reached skill level 1 in Stealth
   549 | D:1      | Reached XP level 2. HP: 22/22 MP: 2/2
   770 | D:2      | Found Vamul's General Store.
   772 | D:2      | Reached XP level 3. HP: 28/28 MP: 3/3
  1154 | D:3      | Found a faded altar of an unknown god.
  1270 | D:3      | Reached XP level 4. HP: 34/34 MP: 4/4
  1870 | D:4      | Found a staircase to the Ecumenical Temple.
  1875 | D:4      | Reached XP level 5. HP: 41/41 MP: 5/5
  1898 | Temple   | Entered the Ecumenical Temple
  1908 | Temple   | Became a worshipper of Warmaster Okawaru
  2101 | D:4      | Reached XP level 6. HP: 43/47 MP: 6/6
  2431 | D:4      | Reached * piety under Okawaru
  2526 | D:5      | Entered Level 5 of the Dungeon
  2574 | D:5      | Gained mutation: Your spells are a little harder to cast,
                  | but a little more powerful. [potion of mutation]
  2574 | D:5      | Gained mutation: Armour fits poorly on your strangely
                  | shaped body. [potion of mutation]
  2575 | D:5      | HP: 2/48 [poisoned by a scorpion]
  2716 | D:5      | Reached XP level 7. HP: 53/53 MP: 7/7
  2770 | D:5      | Found a shimmering altar of Xom.
  2964 | D:5      | Noticed Dowan
  2966 | D:5      | Noticed Duvessa
  2975 | D:5      | Killed Dowan
  2975 | D:5      | Engulfed by a cloud of flame

Illustrated notes

Levels and vault maps discovered:
D:1:      roderic_crop_circles_arrival_small, layout_rooms, serial_curves,
          eino_curves_04, eino_curves_04, eino_curves_01,
          kennysheep_small_spiral
D:2:      layout_rooms, serial_shops, nicolae_diamond_shop
D:3:      layout_basic, shapermc_ecumenical_altar_mp_urbaneastern
D:4:      layout_loops_corners, minmay_temple_entry_proselytizer,
          minmay_misc_feat_five
D:5:      layout_loops_ring, nicolae_overflow_crystal_walls,
          nicolae_underground_beach, uniq_duvessa
Temple:   eino_temple_lava

Skill      XL: |  1  2  3  4  5  6  7 |
---------------+----------------------+-----
Stealth        | 1 2 3 |  3.2
Dodging        | 2 3 |  3.7
Ranged Weapons | 4 |  4.9
Fighting       | 3 4 |  4.1

Action                     |  1- 3 |  4- 6 |  7- 9 || total
---------------------------+-------+-------+-------++-------
   Fire: Sling             |   162 |   256 |    46 ||   464
    Use: Potion            |       |     7 |       ||     7
         Scroll            |       |       |     2 ||     2
 Armour: Leather armour    |     9 |    29 |    12 ||    50
  Dodge: Dodged            |    18 |    35 |     8 ||    61

Table legend: (Time is in decaauts)
 A = Elapsed time spent in this place.
 B = Non-inter-level travel time spent in this place.
 C = Inter-level travel time spent in this place.
 D = Time resting spent in this place.
 E = Time spent auto-exploring this place.
 F = Levels seen in this place.
 G = Mean time per level.
                   A        B        C        D        E       F      G
               +--------+--------+--------+--------+--------+-----+--------+
         Total |   3028 |   2934 |     94 |      0 |   2409 |   6 |  504.7 |
       Dungeon |   3009 |   2924 |     85 |      0 |   2409 |   5 |  601.8 |
        Temple |     19 |     10 |      9 |      0 |      0 |   1 |   19.0 |
               +--------+--------+--------+--------+--------+-----+--------+

Top non-repeatable levels by time:
     D:4: 912 daAuts
     D:1: 712 daAuts
     D:3: 500 daAuts
     D:5: 458 daAuts
     D:2: 425 daAuts
  Temple: 19 daAuts
